 Dungeon Crawl Stone Soup version 0.31-a0-145-g046c7d2549 (webtiles) character file.

Game seed: 16095204455904627262

195 chickenninja42 the Trooper (level 5, 0/48 HPs)
             Began as a Minotaur Fighter on June 5, 2023.
             Frozen to death by an endoplasm (1 damage)
             ... on level 3 of the Dungeon.
             The game lasted 00:41:28 (2891 turns).

chickenninja42 the Trooper (Minotaur Fighter)       Turns: 2891, Time: 00:41:28

Health: 0/48       AC:  6    Str: 22    XL:     5   Next: 45%
Magic:  4/4        EV:  9    Int:  5    God:
Gold:   189        SH:  5    Dex: 16    Spells: 4/4 levels left

rFire   . . .        e - +5 flail
rCold   . . .        c - +0 buckler
rNeg    . . .        b - +0 scale mail
rPois   .            (helmet restricted)
rElec   .            (no cloak)
rCorr   .            (no gloves)
SInv    .            (no boots)
Will    +....        (no amulet) Stlth
                     q - +6 ring of dexterity
HPRegen 0.28/turn    j - ring of willpower
MPRegen 0.09/turn

%: no passive effects
@: no status effects
A: horns 2, retaliatory headbutt
a: no special abilities


You were on level 3 of the Dungeon.
You visited 1 branch of the dungeon, and saw 4 of its levels.

You collected 189 gold pieces.

Inventory:

Hand Weapons
 a - a +0 trident
 e - a +5 flail (weapon)
 g - a +0 heavy spear
 k - a +0 flail
 u - a +0 sling
 v - a +0 hand axe
 B - a +1 whip of holy wrath
Missiles
 h - 6 stones (quivered)
 i - 2 curare-tipped darts
 o - 11 poisoned darts
Armour
 b - a +0 scale mail (worn)
 c - a +0 buckler (worn)
Jewellery
 j - a ring of willpower (right hand)
 q - a +6 ring of dexterity (left hand)
Scrolls
 d - a scroll of blinking {unknown}
 p - a scroll of torment {unknown}
 A - a scroll of identify
Potions
 f - a potion of enlightenment {unknown}
 z - a potion of brilliance {unknown}


   Skills:
 * Level 5.5 Fighting
 + Level 2.6 Maces & Flails
 - Level 2.4 Polearms
 + Level 2.0 Throwing
 - Level 3.6 Armour
 + Level 4.6 Shields


You had 4 spell levels left.
You didn't know any spells.
Your spell library was empty.

Dungeon Overview and Level Annotations

Branches:
Dungeon (4/15)
 Temple: D:4-7

Altars:
Fedhas
Nemelex Xobeh
Qazlal
Wu Jian


Innate Abilities, Weirdness & Mutations

You have a pair of horns on your head.
You reflexively headbutt those who attack you in melee.


Message History

The endoplasm freezes you.
You are frozen.
Something hits you but does no damage.
You barely miss something. The hound bites you. x2
Something hits you but does no damage.
The orc wizard gestures at you while chanting.
The puff of flame hits you! The endoplasm freezes you.
You are frozen.
You barely miss the orc wizard.
The orc wizard is almost dead.
The hound bites you but does no damage. The orc wizard closely misses you.
You furiously retaliate!
You headbutt the orc wizard!
You kill the orc wizard!
Something hits you but does no damage. You block the endoplasm's attack.
The hound misses you.
Your Throwing skill increases to level 2!
You hit the endoplasm.
The endoplasm is moderately wounded.
The hound closely misses you. You furiously retaliate!
You headbutt the hound! You block the endoplasm's attack.
You hear some strange, mumbled words.
A magic dart appears from out of thin air!
The magic dart hits you!
* * * LOW HITPOINT WARNING * * *
The hound bites you but does no damage. You block the endoplasm's attack.
Something hits you.
* * * LOW HITPOINT WARNING * * *
You miss the hound.
The hound is severely wounded.
You block the hound's attack. The hound bites you but does no damage.
You hear some strange, mumbled words.
A puff of flame appears from out of thin air!
The puff of flame hits you!
* * * LOW HITPOINT WARNING * * *
The endoplasm hits you but does no damage.
It was a potion of cancellation.
You feel magically purged. The hound closely misses you.
The endoplasm freezes you.
You are frozen.
You die...

#........############
##....>...............
#.....................
#.........#######.####
#.###...............#
#.# #.###########.#.#
##+###.# #.......#.#
#....h{#####.#####.#.#
#.....@#.........#...#
#....J)#.###.###.#.#.#
#......#.# #.....#.#.#
#......#.#########.#.##
#..................#..#
#.....##.#####....##..#
#.................##..#
#.....##.#####....##...
#.....##.# #....##...


You could see a hound and an endoplasm.

Vanquished Creatures
  A black bear (D:3)
  An orc wizard (D:3)
  2 adders (D:3)
  4 dart slugs
  6 orcs
  5 endoplasms
  3 giant cockroaches
  6 goblins
  4 hobgoblins
  A jackal (D:4)
  A quokka (D:3)
  A bat (D:1)
  3 frilled lizards
  3 kobolds
  4 rats
45 creatures vanquished.

Notes
Turn   | Place    | Note
-------+----------+-------------------------------------------
     0 | D:1      | chickenninja42 the Minotaur Fighter began the quest for the
                  | Orb.
     0 | D:1      | Reached XP level 1. HP: 19/19 MP: 0/0
   435 | D:1      | Reached XP level 2. HP: 25/27 MP: 1/1
   666 | D:2      | Reached skill level 4 in Fighting
   783 | D:2      | Found an ornate altar of the Wu Jian Council.
  1089 | D:2      | Reached skill level 1 in Maces & Flails
  1666 | D:3      | Reached skill level 1 in Throwing
  1666 | D:3      | Reached XP level 3. HP: 26/34 MP: 2/2
  1905 | D:3      | Noticed a black bear
  1923 | D:3      | Killed a black bear
  1924 | D:3      | Reached skill level 5 in Fighting
  1924 | D:3      | Reached XP level 4. HP: 25/42 MP: 3/3
  1924 | D:3      | Reached XP level 5. HP: 28/48 MP: 4/4
  2368 | D:3      | Found a stormy altar of Qazlal.
  2378 | D:3      | Found a sparkling altar of Nemelex Xobeh.
  2380 | D:3      | Found a blossoming altar of Fedhas.
  2890 | D:3      | HP: 1/48 [something/puff of flame (10)]
  2891 | D:3      | Frozen to death by an endoplasm

Illustrated notes

Levels and vault maps discovered:
D:1:      lemuel_arrival_cross, layout_rooms, nicolae_the_louvre
D:2:      layout_basic, basic_altar
D:3:      layout_basic, minitemple
D:4:      layout_rooms

Skill      XL: |  1  2  3  4  5 |
---------------+----------------+-----
Fighting       | 4 5 |  5.5
Maces & Flails | 1 2 |  2.6
Throwing       | 1 2 |  2.0
Shields        | 4 |  4.6
Polearms       | |  2.4
Armour         | |  3.6

Action                     |  1- 3 |  4- 6 || total
---------------------------+-------+-------++-------
  Melee: Flail             |    49 |    24 ||    73
         Headbutt          |     5 |     1 ||     6
         Trident           |     1 |       ||     1
  Throw: Stone             |     1 |    10 ||    11
         Dart              |       |     1 ||     1
    Use: Scroll            |     3 |     1 ||     4
         Potion            |     1 |     2 ||     3
 Armour: Scale mail        |    19 |    24 ||    43
  Dodge: Dodged            |    15 |    16 ||    31
  Block: Buckler           |     7 |    13 ||    20

Table legend: (Time is in decaauts)
 A = Elapsed time spent in this place.
 B = Non-inter-level travel time spent in this place.
 C = Inter-level travel time spent in this place.
 D = Time resting spent in this place.
 E = Time spent auto-exploring this place.
 F = Levels seen in this place.
 G = Mean time per level.
                   A        B        C        D        E       F      G
               +--------+--------+--------+--------+--------+-----+--------+
         Total |   2915 |   2894 |     21 |    119 |   1134 |   4 |  728.8 |
       Dungeon |   2915 |   2894 |     21 |    119 |   1134 |   4 |  728.8 |
               +--------+--------+--------+--------+--------+-----+--------+

Top non-repeatable levels by time:
     D:3: 1218 daAuts
     D:2: 1082 daAuts
     D:1: 570 daAuts
     D:4: 43 daAuts
